 Dungeon Crawl Stone Soup version bcrawl-1.21.3-2-g9d8a61a446 (webtiles) character file.

Game seed: 5227372045213569890

127 Ashen the Sneak (level 5, 0/46 HPs)
             Began as a Naga Sloth Apostle on Apr 15, 2020.
             Was a Believer of Cheibriados.
             Slain by a gnoll
             ... wielding a +0 spear
              (7 damage)
             ... on level 3 of the Dungeon.
             The game lasted 00:08:06 (4613 turns).

Ashen the Sneak (Naga Sloth Apostle)                Turns: 4613, Time: 00:08:06

Health: 0/46       AC:  2    Str: 18    XL:     5   Next: 11%
Magic:  6/6        EV:  7    Int: 17    God:    Cheibriados [**....]
Gold:   51         SH:  9    Dex: 15    Spells: 5/6 levels left

rFire    . . .     SeeInvis +   a - +0 falchion
rCold    . . .     Gourm    .   c - +0 medium shield
rNeg     . . .     Faith    .   b - +0 robe
rPois    +         Spirit   .   (no helmet)
rElec    .         Reflect  .   (no cloak)
rCorr    .         Harm     .   (no gloves)
MR       .....                  (no barding)
Stlth    +++.......             (no amulet)
HPRegen  0.15/turn              (no ring)
MPRegen  0.10/turn              (no ring)

@: hasted, very slow
A: large, see invisible, deformed body, poison resistance, slowness 2, slow
metabolism 1, spit poison 1, AC +1
a: Spit Poison, Bend Time, Renounce Religion


You were on level 3 of the Dungeon.
You worshipped Cheibriados.
Cheibriados was pleased with you.
You were not hungry.

You visited 1 branch of the dungeon, and saw 3 of its levels.

You collected 51 gold pieces.

Inventory:

Hand Weapons
 a - a +0 falchion (weapon)
Missiles
 f - a throwing net (quivered) {!f}
Armour
 b - a +0 robe (worn)
 c - a +0 medium shield (worn)
 l - a cursed +0 buckler
 n - a scarf of stasis
Wands
 d - a wand of paralysis (10)
Scrolls
 g - 5 scrolls of identify {unknown}
 i - a scroll of fog {unknown}
 m - 2 scrolls of teleportation {unknown}
Potions
 h - a potion of haste
 j - a potion of mutation {unknown}
 k - a potion of curing {unknown}
Comestibles
 e - 4 rations {!d}


   Skills:
 + Level 2.6 Fighting
 + Level 2.5 Long Blades
 + Level 0.9 Dodging
 + Level 5.6 Stealth
 + Level 2.1 Shields
 - Level 1.2 Spellcasting
 - Level 1.3 Hexes
 * Level 2.3 Evocations


You had 5 spell levels left.
You knew the following spells:

 Your Spells              Type           Power        Failure   Level  Hunger
a - Slow                  Hex            #.......     45%         1    ##.....
Your spell library was empty.

Dungeon Overview and Level Annotations

Branches:
Dungeon (3/12)

Altars:
Kikubaaqudgha
Okawaru
The Shining One


Innate Abilities, Weirdness & Mutations

You cannot wear boots.
Your serpentine skin is tough. (AC +1)
You have supernaturally acute eyesight. (SInv)
Armour fits poorly on your strangely shaped body.
Your system is resistant to poisons. (rPois)
You cover ground very slowly.
You have a slow metabolism.
You can spit poison.


Message History

The gnoll hits you from afar with a +0 spear.
Casting: Slow (safe; 45% risk of failure)
Confirm with . or Enter, or press ? or * to list all spells.
Okay, then.
The gnoll closely misses you.
You closely miss the gnoll.
The adder hisses angrily.
The gnoll shouts! x2
The gnoll hits you but does no damage. The gnoll hits you with a +0 spear.
You closely miss the gnoll.
You have got your breath back.
The gnoll hits you with a +0 whip. The gnoll hits you with a +0 spear!
* * * LOW HITPOINT WARNING * * *
You block the gnoll's attack.
It was a potion of haste.
You feel yourself speed up.
Cheibriados forgives your accidental hurry, just this once.
You block the gnoll's attack. The gnoll hits you with a +0 whip.
* * * LOW HITPOINT WARNING * * *
You block the gnoll's attack.
The gnoll hits you from afar with a +0 spear!
You die...

#...## # #.# ###..## # #.#
##>.# # ###.# ##.### ....#
#..#. #..#############<..
#...........####..
#.##...####......# ###
#@#..#......#####.
.....####g.....########...
.....####.....###### .o..
...# #.....# #### ...
##.## #.....###... .. #.#
#.##.###..## # #.#
#.##.##..##.


You could see 2 gnolls.

Vanquished Creatures
  An orc priest (D:3)
  An adder (D:3)
  An ooze (D:2)
  2 dart slugs
  6 leopard geckos
  5 orcs
  7 bats
  A giant cockroach (D:2)
  3 goblins
  13 hobgoblins
  5 jackals
  4 quokkas
  A ball python (D:1)
  4 frilled lizards
  5 kobolds
  4 rats
63 creatures vanquished.

Notes
Turn   | Place    | Note
-------+----------+-------------------------------------------
     0 | D:1      | Ashen the Naga Sloth Apostle began the quest for the Orb.
     0 | D:1      | Reached XP level 1. HP: 19/19 MP: 2/2
    70 | D:1      | Reached XP level 2. HP: 15/26 MP: 3/3
   203 | D:1      | Reached skill level 5 in Stealth
  1799 | D:2      | Reached XP level 3. HP: 19/32 MP: 4/4
  2363 | D:2      | Found an ancient bone altar of Kikubaaqudgha.
  2496 | D:1      | Reached * piety under Cheibriados
  2945 | D:2      | Found an iron altar of Okawaru.
  3408 | D:2      | Reached XP level 4. HP: 33/40 MP: 5/5
  3549 | D:2      | Found a glowing golden altar of the Shining One.
  4053 | D:3      | Reached XP level 5. HP: 42/46 MP: 6/6
  4095 | D:3      | Reached ** piety under Cheibriados
  4613 | D:3      | Slain by a gnoll

Skill      XL: |  1  2  3  4 |
---------------+-------------+-----
Stealth        | 5 |  5.6
Shields        | 2 |  2.1
Evocations     | 2 |  2.3
Fighting       | |  2.6
Long Blades    | |  2.5
Dodging        | |  0.9
Spellcasting   | |  1.2
Hexes          | |  1.3

Action                   |  1- 3 |  4- 6 || total
-------------------------+-------+-------++-------
Melee: Falchion          |   186 |    71 ||   257
 Abil: Spit Poison       |       |     9 ||     9
  Use: Potion            |       |     1 ||     1
 Stab: Sleeping          |     9 |     2 ||    11
  Eat: Chunk             |     5 |     3 ||     8
Armor: Robe              |    43 |    11 ||    54
Dodge: Dodged            |    60 |    21 ||    81
Block: Medium shield     |   107 |    42 ||   149
